 Dungeon Crawl Stone Soup version 0.18.1-50-g88ac8fd (webtiles) character file.

5256 magog001 the Blocker (level 10, -3/88 HPs)
             Began as a Minotaur Fighter on Feb 20, 2017.
             Was a Follower of Nemelex Xobeh.
             Slain by an ice dragon (13 damage)
             ... on level 9 of the Dungeon.
             The game lasted 00:53:46 (9233 turns).

magog001 the Blocker (Minotaur Fighter)             Turns: 9233, Time: 00:53:47

Health: -3/88      AC: 15    Str: 23    XL:     10   Next: 36%
Magic:  8/8        EV: 12    Int:  5    God:    Nemelex Xobeh [*.....]
Gold:   181        SH: 16    Dex: 11    Spells: 0 memorised, 9 levels left

rFire  . . .     SeeInvis .     g - +8 flail
rCold  . . .     Gourm    .     b - +0 scale mail
rNeg   . . .     Faith    .     c - +1 shield
rPois  .         Spirit   .     (helmet restricted)
rElec  .         Dismiss  .     A - +2 cloak
rCorr  +         Reflect  +     (no gloves)
SustAt .         Harm     .     F - +2 pair of boots
MR     +....                    t - +3 amulet of reflection
Stlth  ..........               E - ring of protection from magic
                                q - ring of resist corrosion

@: cleaving, somewhat resistant to hostile enchantments, extremely unstealthy
A: retaliatory headbutt, horns 2, low mp 1
a: Renounce Religion


You were on level 9 of the Dungeon.
You worshipped Nemelex Xobeh.
Nemelex Xobeh was aware of your devotion.
You were not hungry.

You visited 1 branch of the dungeon, and saw 9 of its levels.

You collected 321 gold pieces.
You spent 140 gold pieces at shops.

Inventory:

Hand Weapons
 g - a +8 flail (weapon)
 x - a +0 blowgun
Missiles
 n - 49 poisoned needles
 o - 10 tomahawks (quivered)
Armour
 b - a +0 scale mail (worn)
 c - a +1 shield (worn)
 A - a +2 cloak (worn)
 F - a +2 pair of boots (worn)
Jewellery
 q - a ring of resist corrosion (left hand)
 t - a +3 amulet of reflection (around neck)
 E - a ring of protection from magic (right hand)
Wands
 v - a wand of paralysis (17/24)
 w - a wand of random effects (17/48)
 y - a wand of random effects (23/48)
Scrolls
 a - 2 scrolls of random uselessness {unknown}
 h - 5 scrolls of immolation
 i - a scroll of magic mapping {unknown}
 m - 4 scrolls of identify
 s - a scroll of teleportation
 z - a scroll of remove curse
 D - a scroll of vulnerability {unknown}
 G - a scroll of amnesia
 I - a scroll of blinking
Potions
 d - 5 potions of might
 e - 2 potions of brilliance
 l - 3 potions of curing
 B - a potion of cure mutation
 C - a potion of flight
Miscellaneous
 j - a plain deck of war {drawn: 1}
Comestibles
 f - 6 bread rations
 k - 7 fruits
 p - 2 meat rations
 r - 7 chunks of flesh
 H - 9 royal jellies


   Skills:
 + Level 8.2 Fighting
   Level 3.6(6.0) Axes
 + Level 7.4(7.8) Maces & Flails
 + Level 1.7 Throwing
 + Level 8.6 Armour
 + Level 6.9 Dodging
 + Level 1.0 Stealth
 + Level 10.3 Shields


You had 9 spell levels left.
You didn't know any spells.

Dungeon Overview and Level Annotations

Branches:
Dungeon (9/15)             Temple (0/1) D:6            Lair (0/8) D:9
    Orc: D:9-12

Altars:
Ashenzari
Gozag
Nemelex Xobeh
Pakellas
Sif Muna
Zin
The Shining One

Shops:
D:4 (   D:6 *[   D:8 [


Innate Abilities, Weirdness & Mutations

You reflexively headbutt those who attack you in melee.
You have a pair of horns on your head.
Your magical capacity is low (-10% MP).


Message History

Your +8 flail looks oddly sharp.
You block the ice dragon's attack. x2; The ice dragon tramples you!
* * * LOW HITPOINT WARNING * * *
You hold your ground!
Drink which item? (? for menu, Esc to quit)
You feel better.
The ice dragon bites you but does no damage.
You block the ice dragon's attack. x2
Drink which item? (? for menu, Esc to quit)
You feel better. The ice dragon bites you.
* * * LOW HITPOINT WARNING * * *
You block the ice dragon's attack. The ice dragon tramples you!
* * * LOW HITPOINT WARNING * * *
You hold your ground!
Drink which item? (? for menu, Esc to quit)
You feel better. The ice dragon bites you.
* * * LOW HITPOINT WARNING * * *
You block the ice dragon's attack. The ice dragon tramples you!
You die...
Your body disappears without a glow.

#### ##≈≈≈####
..≈≈≈≈..###
...≈≈≈....##
..≈≈≈......###
≈≈≈≈.........#####
≈≈≈;........)).D@######
≈≈≈........#####......#
≈≈≈.......## ######.##
≈≈≈≈...#### #..#
≈≈###### ##.# ≈≈ ####.#
## # #....# .# #.####
.## ### ######.# ###
..#


You could see an ice dragon.

Vanquished Creatures
  A troll (D:9)
  A hungry ghost (D:9)
  Grum (D:8)
  Edmund (D:4)
  Menkaure (D:6)
  3 soldier ants
  An orc warrior (D:8)
  A black bear (D:7)
  3 ice beasts
  2 wasps (D:8)
  An ogre (D:5)
  3 sky beasts
  7 wolves
  A big kobold (D:8)
  Blork the orc (D:6)
  6 giant frogs
  A scorpion (D:4)
  3 wights (D:5)
  4 howler monkeys
  3 crimson imps
  12 hounds
  2 giant frog zombies (D:9)
  A quasit (D:8)
  4 jellies
  Crazy Yiuf (D:3)
  5 orc priests
  An iguana (D:7)
  Ijyb (D:2)
  3 orc wizards
  12 worker ants
  A hound zombie (D:7)
  A hound skeleton (D:5)
  A worker ant zombie (D:6)
  20 adders
  A howler monkey skeleton (D:6)
  2 shadow imps (D:9)
  An ooze (D:1)
  3 adder skeletons
  An adder zombie (D:5)
  4 worms
  2 dart slugs
  7 giant geckos
  34 orcs
  10 bats
  10 giant cockroaches
  9 goblins
  8 hobgoblins
  7 jackals
  3 quokkas
  A ball python (D:2)
  A giant cockroach zombie (D:5)
  A giant gecko zombie (D:5)
  10 giant newts
  A jackal skeleton (D:6)
  10 kobolds
  A quokka zombie (D:6)
  5 rats
  2 bushes (D:4)
  3 butterflies (D:6)
  A plant (D:4)
248 creatures vanquished.

Vanquished Creatures (collateral kills)
  A worker ant (D:6)
1 creature vanquished.

Vanquished Creatures (others)
  A centaur (D:9)
  A kobold (D:8)
2 creatures vanquished.

Grand Total: 251 creatures vanquished

Notes
Turn   | Place    | Note
--------------------------------------------------------------
     0 | D:1      | magog001 the Minotaur Fighter began the quest for the Orb.
     0 | D:1      | Reached XP level 1. HP: 19/19 MP: 0/0
   319 | D:1      | Reached XP level 2. HP: 27/27 MP: 1/1
   404 | D:1      | Reached skill level 4 in Shields
   764 | D:1      | Reached XP level 3. HP: 33/33 MP: 2/2
  1172 | D:2      | Noticed Ijyb
  1183 | D:2      | Killed Ijyb
  1183 | D:2      | Reached XP level 4. HP: 38/40 MP: 3/3
  1283 | D:2      | Found a deep blue altar of Sif Muna.
  1938 | D:3      | Found a shattered altar of Ashenzari.
  2058 | D:3      | Reached XP level 5. HP: 25/47 MP: 4/4
  2371 | D:3      | Noticed Crazy Yiuf
  2377 | D:3      | Killed Crazy Yiuf
  2377 | D:3      | Reached skill level 5 in Armour
  2377 | D:3      | Reached skill level 1 in Dodging
  2433 | D:3      | Reached skill level 5 in Shields
  2695 | D:4      | Reached XP level 6. HP: 51/53 MP: 5/5
  2709 | D:4      | Found Reuph's Antique Weapon Boutique.
  3112 | D:4      | Noticed Edmund
  3126 | D:4      | Killed Edmund
  3126 | D:4      | Reached skill level 5 in Fighting
  3126 | D:4      | Reached skill level 1 in Maces & Flails
  3308 | D:4      | Reached skill level 6 in Shields
  3490 | D:4      | Reached XP level 7. HP: 57/61 MP: 6/6
  3902 | D:5      | Entered Level 5 of the Dungeon
  4346 | D:5      | Reached XP level 8. HP: 58/70 MP: 7/7
  4830 | D:6      | Reached skill level 7 in Shields
  4872 | D:6      | Found a staircase to the Ecumenical Temple.
  4968 | D:6      | Found Wualiaro's General Store.
  4991 | D:6      | Found an opulent altar of Gozag.
  5029 | D:6      | Bought a beef jerky for 15 gold pieces
  5029 | D:6      | Bought a potion of heal wounds for 50 gold pieces
  5029 | D:6      | Bought a scroll of enchant weapon for 75 gold pieces
  5198 | D:6      | Found a runed door.
  5206 | D:6      | Found a runed door.
  5217 | D:6      | Reached skill level 1 in Stealth
  5222 | D:6      | Reached skill level 8 in Shields
  5229 | D:6      | Reached skill level 5 in Maces & Flails
  5651 | D:6      | Found Renetsyn's Antique Armour Shoppe.
  5715 | D:6      | Noticed Blork the orc
  5729 | D:6      | Killed Blork the orc
  5729 | D:6      | Reached XP level 9. HP: 72/78 MP: 8/8
  5768 | D:6      | Noticed Menkaure
  5778 | D:6      | Killed Menkaure
  5975 | D:7      | Found a glowing golden altar of the Shining One.
  6382 | D:7      | Found a glowing silver altar of Zin.
  6414 | D:7      | Gained mutation: Your magical capacity is low (-10% MP). [mutagenic meat]
  6658 | D:7      | Reached skill level 5 in Dodging
  6746 | D:7      | Found a sparkling altar of Nemelex Xobeh.
  6753 | D:7      | Became a worshipper of Nemelex Xobeh the Trickster
  7209 | D:8      | Received a gift from Nemelex Xobeh
  7278 | D:8      | Noticed Grum
  7285 | D:8      | Killed Grum
  7290 | D:8      | Reached skill level 9 in Shields
  7611 | D:8      | Reached skill level 1 in Throwing
  7772 | D:8      | Found Jero's Armour Shoppe.
  8035 | D:8      | Reached XP level 10. HP: 56/88 MP: 8/8
  8239 | D:9      | Reached * piety under Nemelex Xobeh
  8241 | D:9      | Found an oddly glowing altar of Pakellas.
  8379 | D:9      | Found a staircase to the Lair.
  8599 | D:9      | Reached skill level 10 in Shields
  9018 | D:9      | Found an oddly glowing altar of Pakellas.
  9201 | D:9      | Noticed an ice dragon
  9226 | D:9      | HP: 3/88 [ice dragon (3)]
  9230 | D:9      | HP: 1/88 [ice dragon (11)]
  9233 | D:9      | Slain by an ice dragon

Skill      XL: |  1  2  3  4  5  6  7  8  9 10 |
---------------+-------------------------------+-----
Shields        | 4 5 6 8 9 10 | 10.3
Fighting       | 4 5 6 8 |  8.2
Armour         | 4 5 6 7 8 |  8.6
Axes           | 3 |  3.6
Dodging        | 1 2 3 4 6 |  6.9
Maces & Flails | 1 3 5 6 7 |  7.4
Stealth        | 1 |  1.0
Throwing       | 1 |  1.7

Action                   |  1- 3 |  4- 6 |  7- 9 | 10-12 || total
-------------------------+-------+-------+-------+-------++-------
Melee: War axe           |    65 |   106 |       |       ||   171
       Headbutt          |    11 |    28 |    88 |    12 ||   139
       Flail             |       |    72 |   369 |   115 ||   556
Throw: Tomahawk          |       |     6 |     5 |     1 ||    12
Evoke: Wand              |       |       |     1 |       ||     1
       Deck              |       |       |       |     1 ||     1
  Use: Scroll            |       |    11 |     4 |     3 ||    18
       Potion            |       |       |     8 |     5 ||    13
  Eat: Chunk             |     1 |     7 |    12 |     7 ||    27
       Royal jelly       |       |       |     1 |       ||     1
       Fruit             |       |       |     1 |       ||     1
       Beef jerky        |       |       |     1 |       ||     1
       Meat ration       |       |       |       |     1 ||     1
Armor: Scale mail        |    28 |    57 |    91 |    46 ||   222
Dodge: Dodged            |    18 |    62 |   101 |    53 ||   234
Block: Shield            |    41 |   117 |   269 |   130 ||   557
       Reflection        |       |       |     3 |    10 ||    13
